 Dungeon Crawl Stone Soup version 0.29-a0-561-ga02bf68b3c (webtiles) character file.

Game seed: 18173933256026147602

72 Nedwor the Twirler (level 4, 26/29 (39) HPs)
             Began as a Minotaur Gladiator on June 11, 2022.
             Quit the game on level 2 of the Dungeon.
             The game lasted 00:01:20 (1376 turns).

Nedwor the Twirler (Minotaur Gladiator)             Turns: 1376, Time: 00:01:20

HP:   26/29 (39)    AC:  3    Str: 20    XL:     4   Next: 6%
MP:   3/3           EV: 12    Int:  5    God:
Gold: 66            SH:  0    Dex: 12    Spells: 3/3 levels left

rFire   . . .      SeeInvis .   a - +0 quarterstaff
rCold   . . .      Faith    .   (shield currently unavailable)
rNeg    . . .      Spirit   .   b - +0 leather armour
rPois   .          Reflect  .   c - +0 hat
rElec   .          Harm     .   o - scarf {+Inv}
rCorr   .          Rampage  .   (no gloves)
Will    .....                   (no boots)
Stlth   +.........              (no amulet)
HPRegen 0.09/turn               (no ring)
MPRegen 0.08/turn               (no ring)

@: very heavily drained
A: horns 2, retaliatory headbutt
a: Evoke Invisibility


You were on level 2 of the Dungeon.
You visited 1 branch of the dungeon, and saw 2 of its levels.

You collected 66 gold pieces.

Inventory:

Hand Weapons
 a - a +0 quarterstaff (weapon)
Missiles
 d - 3 throwing nets (quivered)
 e - a javelin
Armour
 b - a +0 leather armour (worn)
 c - a +0 hat (worn)
 o - a scarf of invisibility (worn)
Scrolls
 g - 2 scrolls of teleportation {unknown}
 h - a scroll of immolation {unknown}
 i - a scroll of amnesia {unknown}
 l - 3 scrolls of identify {unknown}
 m - a scroll of enchant weapon {unknown}
 n - a scroll of silence {unknown}
 p - a scroll of magic mapping {unknown}
 q - a scroll of vulnerability {unknown}
Potions
 f - a potion of magic {unknown}
 j - a potion of lignification {unknown}
 k - a potion of haste {unknown}


   Skills:
 + Level 3.6 Fighting
 * Level 5.3 Staves
 - Level 2.0 Throwing
 - Level 3.2 Dodging


You had 3 spell levels left.
You didn't know any spells.
Your spell library contained the following spells:

 Spells                   Type           Power      Damage    Failure   Level
 Summon Small Mammal      Summ           0%         N/A       54%         1
 Call Canine Familiar     Summ           0%         N/A       88%         3
 Summon Guardian Golem    Hex/Summ       0%         N/A       88%         3


Dungeon Overview and Level Annotations

Branches:
Dungeon (2/15)

Altars:


Innate Abilities, Weirdness & Mutations

You have a pair of horns on your head.
You reflexively headbutt those who attack you in melee.


Message History

A kobold comes into view. It is wielding a +0 short sword.
The kobold shouts!
A kobold is nearby!
A kobold is nearby!
A ball python comes into view.
The kobold throws a stone.
The stone hits you but does no damage.
Found 11 gold pieces.
A goblin comes into view. It is wielding a +0 club.
A bat comes into view.
The goblin shouts!
You hear an angry hiss.
You hit the goblin but do no damage. You headbutt the goblin.
You kill the goblin!
The bat closely misses you. You furiously retaliate!
You headbutt the bat, but do no damage.
An adder comes into view.
The kobold misses you.
You closely miss the kobold.
You headbutt the kobold, but do no damage.
The bat hits you but does no damage. The kobold closely misses you.
The ball python misses you. The ball python closely misses you.
You thump the kobold!
You kill the kobold!
The bat barely misses you. The ball python closely misses you.
You furiously retaliate!
You headbutt the ball python!
You kill the ball python!
The bat barely misses you.
Things that are here:
a +0 short sword; 3 stones You hit the bat.
You headbutt the bat.
You kill the bat!
The adder bites you. The adder bites you but does no damage.
You see here a bat corpse.
You thump the adder! Your headbutt misses the adder.
The adder is almost dead.
The adder barely misses you.
You sock the adder!
You kill the adder!
You have reached level 4!
You feel agile.
Are you sure you want to abandon this character and quit the game? (Confirm with "yes".)

#..
####..#.###.##.#....#
#.### .....
#.....#.....'...##
#... ......
#.#...#..##.#..##
#.####.# .....
#.#...#..##.#.##
.......# .....
#.#...#..#..###
#.##...#
......#.#...#..#..#
.......+
......#.###.#..#..#
#.##...#
......))†......#..#
..# .#
.......@###..#.#..#
..# #.....[.#
..#.##.+ ..#
#..$..#.. ..#
..########....##...
..# ..............
#.... .#############
...... .##.....#
#.....# .##.....#
#...... .##.....#


There were no monsters in sight!

Vanquished Creatures
  3 adders (D:2)
  3 bats
  5 endoplasms
  A giant cockroach (D:1)
  4 goblins
  7 hobgoblins
  2 quokkas
  5 ball pythons
  3 frilled lizards (D:2)
  6 kobolds
  3 rats (D:1)
42 creatures vanquished.

Notes
Turn   | Place    | Note
-------+----------+-------------------------------------------
     0 | D:1      | Nedwor the Minotaur Gladiator began the quest for the Orb.
     0 | D:1      | Reached XP level 1. HP: 18/18 MP: 0/0
    97 | D:1      | Reached skill level 4 in Staves
   104 | D:1      | Reached XP level 2. HP: 8/25 MP: 1/1
   339 | D:1      | Found a faded altar of an unknown god.
   846 | D:2      | Reached XP level 3. HP: 30/31 MP: 2/2
  1088 | D:2      | Reached skill level 5 in Staves
  1376 | D:2      | Reached XP level 4. HP: 26/29 MP: 3/3
  1376 | D:2      | Quit the game

Illustrated notes

Levels and vault maps discovered:
D:1:      lightli_arrival_maybe_door_vault, layout_rooms,
          hellmonk_ecumenical_altar_heavens_door, minmay_misc_feat_chi,
          minmay_misc_feat_nine_boxes
D:2:      layout_basic, minmay_quadrilaterals

Skill      XL: |  1  2  3 |
---------------+----------+-----
Staves         | 4 5 |  5.3
Fighting       | 3 |  3.6
Throwing       | |  2.0
Dodging        | |  3.2

Action                   |  1- 3 |  4- 6 || total
-------------------------+-------+-------++-------
Melee: Quarterstaff      |    66 |       ||    66
       Headbutt          |    10 |       ||    10
 Abil: Evoke Invisibilit |     1 |       ||     1
 Stab: Invisible         |     1 |       ||     1
Armor: Leather armour    |    28 |       ||    28
Dodge: Dodged            |    53 |       ||    53

Table legend: (Time is in decaauts)
 A = Elapsed time spent in this place.
 B = Non-inter-level travel time spent in this place.
 C = Inter-level travel time spent in this place.
 D = Time resting spent in this place.
 E = Time spent auto-exploring this place.
 F = Levels seen in this place.
 G = Mean time per level.
                   A        B        C        D        E       F      G
               +--------+--------+--------+--------+--------+-----+--------+
         Total |   1380 |   1348 |     32 |    198 |    955 |   2 |  690.0 |
       Dungeon |   1380 |   1348 |     32 |    198 |    955 |   2 |  690.0 |
               +--------+--------+--------+--------+--------+-----+--------+

Top non-repeatable levels by time:
     D:1: 839 daAuts
     D:2: 541 daAuts
